 Dungeon Crawl Stone Soup version 0.28.0-53-g5a82cb258f (webtiles) character file.

Game seed: 14411445807012340790

800 cbfl8 the Chopper (level 7, -7/44 HPs)
             Began as a Gargoyle Berserker on Aug 16, 2022.
             Was a Believer of Trog.
             Mangled by an orc warrior
             ... wielding a +0 scimitar
              (13 damage)
             ... on level 5 of the Dungeon.
             The game lasted 00:06:17 (4540 turns).

cbfl8 the Chopper (Gargoyle Berserker)              Turns: 4540, Time: 00:06:18

Health: -7/44      AC: 15    Str: 21    XL:     7   Next: 90%
Magic:  7/7        EV:  6    Int:  7    God:    Trog [**....]
Gold:   77         SH:  6    Dex: 11    Spells: 6/6 levels left

rFire   . . .      SeeInvis .   a - +0 hand axe
rCold   . . .      Faith    .   q - +0 kite shield
rNeg    + . .      Spirit   .   n - +0 chain mail
rPois   ∞          Reflect  .   (no helmet)
rElec   +          Harm     .   (no cloak)
rCorr   .          Rampage  .   (no gloves)
Will    .....                   u - +0 pair of boots
Stlth   ..........              g - amulet of regeneration
HPRegen 0.94/turn               (no ring)
MPRegen 0.10/turn               (no ring)

@: no status effects
A: sickness immunity, AC +4, negative energy resistance 1, electricity
resistance, torment resistance 1, petrification resistance
a: Renounce Religion, Berserk, Trog's Hand


You were on level 5 of the Dungeon.
You worshipped Trog.
Trog was pleased with you.
You visited 1 branch of the dungeon, and saw 5 of its levels.

You collected 165 gold pieces.
You spent 88 gold pieces at shops.

Inventory:

Hand Weapons
 a - a +0 hand axe (weapon)
Armour
 n - a +0 chain mail (worn)
 q - a +0 kite shield (worn)
 u - a +0 pair of boots (worn)
Jewellery
 g - an amulet of regeneration (around neck)
Wands
 c - a wand of mindburst (4) (quivered)
 f - a wand of charming (4)
 k - a wand of flame (6)
Scrolls
 b - a scroll of fear {unknown}
 j - a scroll of noise
 l - 3 scrolls of teleportation
 o - 2 scrolls of blinking {unknown}
 p - a scroll of holy word {unknown}
 s - 2 scrolls of torment {unknown}
 t - 2 scrolls of identify
Potions
 d - a potion of invisibility
 e - 2 potions of mutation
 h - a potion of curing
 i - a potion of brilliance
 m - a potion of flight {unknown}
 r - 2 potions of might {unknown}


   Skills:
 * Level 5.4 Fighting
 * Level 5.6 Axes
 + Level 3.2 Armour
 * Level 3.1 Dodging
 + Level 0.6 Stealth
 + Level 0.6 Shields
 * Level 2.4 Evocations


You had 6 spell levels left.
You didn't know any spells.
Your spell library was empty.

Dungeon Overview and Level Annotations

Branches:
Dungeon (5/15)             Temple (0/1) D:5

Altars:

Shops:
D:1 ?


Innate Abilities, Weirdness & Mutations

You are immune to sickness and miasma.
Your stone body is resilient. (AC +4)
You are immune to poison.
You resist negative energy. (rN+)
You are resistant to electric shocks. (rElec)
You are resistant to unholy torment.
You are immune to petrification.


Message History

The orc warrior completely misses you.
The orc warrior hits you with a +0 scimitar!
You hit the orc warrior but do no damage.
The orc warrior is moderately wounded.
You block the orc warrior's attack.
You closely miss the orc warrior.
The orc warrior is moderately wounded.
The orc warrior hits you with a +0 scimitar.
You barely miss the orc warrior.
The orc warrior is moderately wounded.
You block the orc warrior's attack.
You completely miss the orc warrior.
The orc warrior is moderately wounded.
The orc warrior hits you but does no damage.
The orc warrior barely misses you.
You hit the orc warrior but do no damage.
The orc warrior is moderately wounded.
The orc warrior closely misses you.
You hit the orc warrior.
The orc warrior is moderately wounded.
The orc warrior hits you but does no damage.
You hit the orc warrior but do no damage.
The orc warrior is moderately wounded.
The orc warrior hits you with a +0 scimitar!
You hit the orc warrior but do no damage.
The orc warrior is moderately wounded.
You block the orc warrior's attack.
The orc warrior hits you with a +0 scimitar.
You hit the orc warrior but do no damage.
The orc warrior is moderately wounded.
The orc warrior hits you with a +0 scimitar.
* * * LOW HITPOINT WARNING * * *
You hit the orc warrior but do no damage.
The orc warrior is moderately wounded.
The orc warrior hits you with a +0 scimitar!
* * * LOW HITPOINT WARNING * * *
You barely miss the orc warrior.
The orc warrior is moderately wounded.
The orc warrior hits you with a +0 scimitar!
You die...

##########
.....{o@.####
########....#
######.###.#
#.....)# ##
#.####.###....
#.# #(...# #.#
#.#### #.# #.#
#.# #.#


You could see an orc warrior.

Vanquished Creatures
  Sigmund (D:4)
  Menkaure (D:5)
  A sky beast (D:5)
  A scorpion (D:4)
  A hound (D:4)
  A bullfrog skeleton (D:5)
  An iguana (D:4)
  Natasha (twice) (D:3)
  An orc wizard (D:5)
  Ijyb (D:3)
  3 hound skeletons
  4 gnolls (D:2)
  5 adders
  A white imp (D:5)
  2 ufetubi (D:5)
  A worm (D:3)
  A dart slug (D:2)
  9 orcs
  7 ball pythons
  5 bats
  4 endoplasms
  A giant cockroach (D:1)
  A goblin (D:1)
  3 hobgoblins
  5 kobolds
  A quokka (D:3)
  2 frilled lizards
  3 rats
69 creatures vanquished.

Notes
Turn   | Place    | Note
-------+----------+-------------------------------------------
     0 | D:1      | cbfl8 the Gargoyle Berserker began the quest for the Orb.
     0 | D:1      | Reached XP level 1. HP: 14/14 MP: 1/1
    33 | D:1      | Found a faded altar of an unknown god.
   266 | D:1      | Reached XP level 2. HP: 17/19 MP: 2/2
   407 | D:1      | Found Qiogell's Magic Scroll Shop.
   410 | D:1      | Bought a scroll of identify for 22 gold pieces
  1180 | D:2      | Reached XP level 3. HP: 24/24 MP: 3/3
  1193 | D:2      | Reached XP level 4. HP: 9/29 MP: 4/4
  2185 | D:3      | Noticed Natasha
  2200 | D:3      | Killed Natasha
  2201 | D:3      | Reached XP level 5. HP: 31/34 MP: 5/5
  2402 | D:3      | Noticed Natasha
  2410 | D:3      | Killed Natasha
  2523 | D:3      | Reached ** piety under Trog
  2578 | D:3      | Noticed Ijyb
  2594 | D:3      | Killed Ijyb
  2595 | D:3      | Reached skill level 1 in Evocations
  3170 | D:4      | Reached XP level 6. HP: 26/39 MP: 6/6
  3283 | D:1      | Bought 3 scrolls of identify for 66 gold pieces
  3369 | D:4      | Noticed Sigmund
  3389 | D:4      | Killed Sigmund
  3632 | D:4      | Reached XP level 7. HP: 44/44 MP: 7/7
  3861 | D:4      | Reached skill level 5 in Fighting
  3968 | D:4      | Reached skill level 5 in Axes
  4054 | D:5      | Entered Level 5 of the Dungeon
  4187 | D:5      | Found a staircase to the Ecumenical Temple.
  4457 | D:5      | Noticed Menkaure
  4467 | D:5      | Killed Menkaure
  4540 | D:5      | Mangled by an orc warrior

Illustrated notes

Levels and vault maps discovered:
D:1:      saegor_arrival_simple_e, layout_basic, ebering_ecumenical_altar_box,
          serial_shops, nicolae_shop_behind_doors, minmay_misc_feat_cross
D:2:      layout_basic
D:3:      layout_basic, uniq_natasha, uniq_ijyb
D:4:      layout_basic, uniq_sigmund
D:5:      layout_loops_ring, temple_hall, uniq_menkaure

Skill      XL: |  1  2  3  4  5  6  7 |
---------------+----------------------+-----
Axes           | 3 4 5 |  5.6
Fighting       | 4 5 |  5.4
Dodging        | 2 3 |  3.1
Evocations     | 1 2 |  2.4
Armour         | 3 |  3.2
Stealth        | |  0.6
Shields        | |  0.6

Action                   |  1- 3 |  4- 6 |  7- 9 || total
-------------------------+-------+-------+-------++-------
Melee: Hand axe          |    56 |   144 |   177 ||   377
       Punch             |       |     2 |       ||     2
Invok: Berserk           |     1 |     3 |     1 ||     5
  Use: Scroll            |       |     6 |       ||     6
Armor: Animal skin       |    26 |    21 |       ||    47
       Scale mail        |       |    18 |       ||    18
       Chain mail        |       |    14 |   126 ||   140
Dodge: Dodged            |    41 |    72 |    42 ||   155
Block: Kite shield       |       |       |    57 ||    57
